 Dungeon Crawl Stone Soup version 0.27-a0-46-g34d46f0a3f (webtiles) character file.

Game seed: 537750685226886561

979 Borgoz the Ruffian (level 8, -2/67 HPs)
             Began as a Ghoul Gladiator on Jan 6, 2021.
             Was an Initiate of Dithmenos.
             Slain by an orc warrior
             ... wielding a +0 short sword
              (12 damage)
             ... on level 6 of the Dungeon.
             The game lasted 00:04:48 (5196 turns).

Borgoz the Ruffian (Ghoul Gladiator)                Turns: 5196, Time: 00:04:48

Health: -2/67      AC: 10    Str: 18    XL:     8   Next: 17%
Magic:  7/7        EV:  9    Int:  3    God:    Dithmenos [......]
Gold:   199        SH:  0    Dex: 12    Spells: 7/7 levels left

rFire    . . .     SeeInvis .     - Unarmed
rCold    + . .     Faith    .   (no shield)
rNeg     + + +     Spirit   .   e - +0 chain mail
rPois    ∞         Reflect  .   b - +0 helmet
rElec    .         Harm     .   (no cloak)
rCorr    .         Rampage  .   (no gloves)
Will     .....                  (no boots)
Stlth    ..........             (no amulet)
HPRegen  0.00/turn              (no ring)
MPRegen  0.10/turn              (no ring)

@: no status effects
A: claws 1, cold resistance 1, negative energy resistance 3, inhibited
regeneration, torment resistance, unbreathing
a: Renounce Religion


You were on level 6 of the Dungeon.
You worshipped Dithmenos.
Dithmenos was noncommittal.
You visited 2 branches of the dungeon, and saw 7 of its levels.

You collected 199 gold pieces.

Inventory:

Missiles
 c - a throwing net (quivered)
Armour
 b - a +0 helmet (worn)
 e - a +0 chain mail (worn)
 g - a +0 ring mail
Scrolls
 d - 7 scrolls of teleportation
 h - a scroll of remove curse
 i - a scroll of acquirement {unknown}
Potions
 a - a potion of ambrosia
 f - 2 potions of resistance


   Skills:
 + Level 4.5 Fighting
 - Level 1.7 Throwing
 + Level 2.7 Armour
 * Level 5.6 Dodging
 * Level 6.8 Unarmed Combat


You had 7 spell levels left.
You didn't know any spells.
Your spell library contained the following spells:

 Spells                   Type           Power        Failure   Level
 Magic Dart               Conj           0%           100%        1
 Blink                    Tloc           N/A          100%        2
 Call Imp                 Summ           0%           100%        2
 Slow                     Hex            0%           100%        2
 Conjure Flame            Conj/Fire      0%           100%        3
 Mephitic Cloud           Conj/Pois/Air  0%           100%        3


Dungeon Overview and Level Annotations

Branches:
Dungeon (6/15)             Temple (1/1) D:5

Altars:
Ashenzari
Cheibriados
Dithmenos
Elyvilon
Fedhas
Gozag
Kikubaaqudgha
Makhleb
Nemelex Xobeh
Okawaru
Qazlal
Ru
Sif Muna
Wu Jian
Xom
Yredelemnul
The Shining One


Innate Abilities, Weirdness & Mutations

You thrive by killing the living.
You are immune to poison.
You have sharp fingernails.
Your flesh is cold resistant. (rC+)
You are immune to negative energy. (rN+++)
You do not regenerate when monsters are visible.
You are immune to unholy pain and torment.
You can survive without breathing.


Message History

You claw the orc!
You kill the orc!
Dithmenos accepts your kill.
You scratch the orc warrior.
The orc warrior is moderately wounded.
The orc warrior hits you with a +0 short sword.
You claw the orc warrior!
The orc warrior is severely wounded.
The orc warrior hits you with a +0 short sword!
* * * LOW HITPOINT WARNING * * *
You completely miss the orc warrior.
The orc warrior is severely wounded.
The orc warrior hits you but does no damage.
Throw: 2 throwing nets
Press: ? - help, Q - select action Shift-Dir - straight line, f - orc warrior
Aim: an orc warrior, wielding a +0 short sword and wearing a +0 chain mail (severely wounded)
You throw a throwing net.
The throwing net barely misses the orc warrior.
The orc warrior hits you with a +0 short sword!
You die...

#..#.#..#.#..# #
#..#.#....#..#
.##..#.#.......#
......>##.#....###
#.............#.##
.#...#.##.#.......#
...............#..#
.#.#...........#..#
.#.#.#.#####.#.#@†#
.#.#<#.......#.#)o#
...#.#.#####.#.#..#
#..#.#.# #.###..#
#..#.#.# #..#
##.#.#.# #..#
.....#.# #..#
###..#.###### #..#
.............. #..#


You could see an orc warrior.

Vanquished Creatures
  Duvessa (D:5)
  2 ice beasts (D:5)
  An ogre (D:4)
  A centaur (D:6)
  Blork the orc (D:4)
  Dowan (D:5)
  A centaur zombie (D:6)
  A hound (D:2)
  A bullfrog skeleton (D:6)
  3 worker ants
  A worker ant zombie (D:5)
  6 gnolls
  6 adders
  A shadow imp (D:6)
  An ooze (D:4)
  5 worms
  3 dart slugs (D:1)
  2 leopard geckos (D:4)
  7 orcs
  A giant cockroach (D:5)
  7 goblins
  4 hobgoblins
  12 jackals
  2 quokkas
  9 bats
  4 frilled lizards (D:1)
  A jackal skeleton (D:5)
  5 kobolds
  A leopard gecko skeleton (D:4)
  A quokka zombie (D:5)
  9 rats
101 creatures vanquished.

Notes
Turn   | Place    | Note
-------+----------+-------------------------------------------
     0 | D:1      | Borgoz the Ghoul Gladiator began the quest for the Orb.
     0 | D:1      | Reached XP level 1. HP: 17/17 MP: 0/0
   114 | D:1      | Reached XP level 2. HP: 7/25 MP: 1/1
   430 | D:1      | Reached XP level 3. HP: 30/30 MP: 2/2
   663 | D:1      | Reached skill level 4 in Unarmed Combat
  1256 | D:2      | Reached XP level 4. HP: 37/37 MP: 3/3
  1964 | D:2      | Found an opulent altar of Gozag.
  2224 | D:3      | Found a stormy altar of Qazlal.
  2233 | D:3      | Reached XP level 5. HP: 42/45 MP: 4/4
  2268 | D:3      | Found a blossoming altar of Fedhas.
  2665 | D:4      | Noticed Blork the orc
  2677 | D:4      | Killed Blork the orc
  2678 | D:4      | Reached skill level 1 in Armour
  2678 | D:4      | Reached skill level 5 in Unarmed Combat
  2678 | D:4      | Reached XP level 6. HP: 34/51 MP: 5/5
  3489 | D:5      | Entered Level 5 of the Dungeon
  3872 | D:5      | Noticed an ice beast
  3884 | D:5      | Killed an ice beast
  3885 | D:5      | Reached XP level 7. HP: 58/58 MP: 6/6
  3998 | D:5      | Noticed Duvessa
  3999 | D:5      | Noticed Dowan
  4031 | D:5      | Killed Duvessa
  4032 | D:5      | Reached skill level 5 in Dodging
  4032 | D:5      | Reached skill level 6 in Unarmed Combat
  4032 | D:5      | Killed Dowan
  4573 | D:5      | Found a staircase to the Ecumenical Temple.
  4591 | Temple   | Entered the Ecumenical Temple
  4699 | Temple   | Became a worshipper of Dithmenos the Shadowed
  4759 | D:5      | Found a sparkling altar of Nemelex Xobeh.
  4969 | D:6      | Reached XP level 8. HP: 66/67 MP: 7/7
  4979 | D:6      | Found an ancient bone altar of Kikubaaqudgha.
  5196 | D:6      | Slain by an orc warrior

Illustrated notes

Levels and vault maps discovered:
D:1:      kilobyte_arrival_exit_the_forest, layout_rooms, minmay_misc_feat_iff,
          serial_bayou_crossing
D:2:      layout_basic, lemuel_coloured_pillars_altar
D:3:      layout_rooms, grunt_temple_overflow_forces_of_nature
D:4:      layout_loops_ring, uniq_blork_the_orc
D:5:      layout_loops_ring, nemelex_xobeh_ov_fountains_minmay,
          minmay_temple_entry_tees, uniq_duvessa
D:6:      cheibrodos_two_vegetables, layout_basic, kiku_gazebo_pond_becter
Temple:   nicolae_temple_hex_pool

Skill      XL: |  1  2  3  4  5  6  7 |
---------------+----------------------+-----
Dodging        | 3 4 5 |  5.6
Unarmed Combat | 4 5 6 |  6.8
Fighting       | 3 4 |  4.5
Armour         | 1 2 |  2.7
Throwing       | |  1.7

Action                   |  1- 3 |  4- 6 |  7- 9 || total
-------------------------+-------+-------+-------++-------
Melee: Unarmed           |   110 |   186 |   110 ||   406
       Punch             |     2 |    10 |       ||    12
Throw: Throwing net      |       |     1 |     1 ||     2
  Use: Scroll            |     5 |     3 |     3 ||    11
       Potion            |       |     3 |     5 ||     8
Armor: Leather armour    |    29 |       |       ||    29
       Ring mail         |    11 |    45 |    11 ||    67
       Chain mail        |       |       |    36 ||    36
Dodge: Dodged            |    68 |    91 |    63 ||   222

Table legend: (Time is in decaauts)
 A = Elapsed time spent in this place.
 B = Non-inter-level travel time spent in this place.
 C = Inter-level travel time spent in this place.
 D = Time resting spent in this place.
 E = Time spent auto-exploring this place.
 F = Levels seen in this place.
 G = Mean time per level.
                   A        B        C        D        E       F      G
               +--------+--------+--------+--------+--------+-----+--------+
         Total |   5172 |   5006 |    166 |   1340 |   2952 |   7 |  738.9 |
       Dungeon |   5042 |   4918 |    124 |   1340 |   2872 |   6 |  840.3 |
        Temple |    129 |     87 |     42 |      0 |     80 |   1 |  129.0 |
               +--------+--------+--------+--------+--------+-----+--------+

Top non-repeatable levels by time:
     D:5: 1292 daAuts
     D:2: 1117 daAuts
     D:1: 991 daAuts
     D:4: 879 daAuts
     D:3: 494 daAuts
     D:6: 267 daAuts
  Temple: 129 daAuts
